 Dungeon Crawl Stone Soup version 0.31.0-32-g396128a36d (webtiles) character file.

Game seed: 9353959940386085241

2657 monsoonserge the Cudgeller (level 9, -7/61 HPs)
             Began as an Octopode Shapeshifter on Apr 11, 2024.
             Was an Initiate of Gozag.
             Mangled by a very large slime creature (32 damage)
             ... on level 9 of the Dungeon.
             The game lasted 00:20:07 (6552 turns).

monsoonserge the Cudgeller (Octopode Shapeshifter)  Turns: 6552, Time: 00:20:07

Health: -7/61      AC:  1    Str: 26    XL:     9   Next: 62%
Magic:  9/9        EV: 15    Int: 15    God:    Gozag
Gold:   1069       SH:  0    Dex: 14    Spells: 6/8 levels left

rFire   . . .        y - +10 flail "Ivacraff" {drain, Str+3 Int+3 Dex+2}
rCold   . . .        (no shield)
rNeg    + . .        (helmet currently unavailable)
rPois   .            (no amulet)
rElec   .            k - ring of resist corrosion
rCorr   +            r - ring of positive energy
SInv    .            u - +6 ring of strength
Will    .....        (no ring)
Stlth   ++++         (no ring)
HPRegen 0.30/turn    (no ring)
MPRegen 0.11/turn    (no ring)
                     (no ring)

%: no passive effects
@: beast-form
A: beast (slay +3), almost no armour, amphibious, 8 rings, camouflage 1,
gelatinous body 1, (nimble swimmer 1), tentacles
a: Begin Untransformation, Renounce Religion, Potion Petition, Call Merchant,
Bribe Branch


You were on level 9 of the Dungeon.
You worshipped Gozag.
Gozag was most pleased with you.
You were a hulking beast.
You visited 1 branch of the dungeon, and saw 8 of its levels.
You also visited: Sewer.

You collected 1121 gold pieces.
You paid 52 gold pieces to Gozag.

Inventory:

Hand Weapons
 y - the +10 flail "Ivacraff" (weapon) {drain, Str+3 Int+3 Dex+2}
   (You found it on level 4 of the Dungeon)

   Str+3:     It affects your strength (+3).
   Int+3:     It affects your intelligence (+3).
   Dex+2:     It affects your dexterity (+2).
Missiles
 j - 11 poisoned darts (quivered)
 s - 8 boomerangs
 v - 4 curare-tipped darts
 w - a throwing net
 A - 3 atropa-tipped darts
Jewellery
 k - a ring of resist corrosion (left tentacle)
 r - a ring of positive energy (right tentacle)
 u - a +6 ring of strength (on tentacle)
Talismans
 b - a beast talisman
 c - a flux talisman
 e - a blade talisman
Wands
 i - a wand of paralysis (5)
 F - a wand of flame (50)
Scrolls
 g - 2 scrolls of poison
 m - 3 scrolls of amnesia {unknown}
 n - 2 scrolls of revelation
 p - 3 scrolls of noise {unknown}
 q - a scroll of enchant weapon
 t - 3 scrolls of fog {unknown}
 x - a scroll of blinking
 B - 2 scrolls of summoning
 E - 3 scrolls of vulnerability
Potions
 a - 6 potions of lignification
 d - 3 potions of curing {unknown}
 f - 2 potions of mutation
 h - 2 potions of berserk rage
 l - a potion of haste {unknown}
 z - a potion of enlightenment {unknown}
 C - a potion of invisibility {unknown}
 D - a potion of heal wounds {unknown}


   Skills:
 + Level 5.5 Fighting
 - Level 1.9 Short Blades
 * Level 7.8 Maces & Flails
 + Level 5.6 Dodging
 + Level 4.4 Stealth
 - Level 3.4 Unarmed Combat
 - Level 5.3 Shapeshifting


You had 6 spell levels left.
You knew the following spells:

 Your Spells              Type           Power      Damage    Failure   Level
a - Blink                 Tloc           0%         N/A       38%         2

Your spell library contained the following spells:

 Spells                   Type           Power      Damage    Failure   Level
 Freeze                   Ice            0%         1d3       26%         1
 Magic Dart               Conj           0%         1d3       26%         1
 Call Imp                 Summ           0%         N/A       38%         2
 Jinxbite                 Hex            0%         N/A       38%         2
 Sublimation of Blood     Necr           0%         N/A       38%         2
 Frozen Ramparts          Ice            0%         1d1       63%         3
 Hailstorm                Conj/Ice       0%         3d5       63%         3
 Petrify                  Alch/Erth      0%         N/A       95%         4
 Irradiate                Conj/Alch      0%         3d11      100%        5
 Yara's Violent Unravell  Hex/Alch       0%         3d3       100%        5
 Enfeeble                 Hex            0%         N/A       100%        7


Dungeon Overview and Level Annotations

Branches:
Dungeon (9/15)              Sewer (visited)
 Temple: D:4-7         Lair: D:8-11         Orc: D:9-12

Altars:
Ashenzari
Elyvilon
Gozag
Hepliaklqana
Qazlal
Ru
Trog
Zin

Annotations:
D:6 1 runed translucent door, Crazy Yiuf


Innate Abilities, Weirdness & Mutations

You are a hulking beast.
Your limbs bulge with bestial killing power. (Slay +3)
You cannot wear most types of armour.
You are amphibious.
You can wear up to eight rings at the same time.
Your skin changes colour to match your surroundings (Stealth+).
Your rubbery body absorbs attacks. (AC +1, EV +1)
((You are camouflaged when in or above water. (Stealth+)))
You have tentacles for arms and can constrict up to eight enemies at once.


Message History

Found a stone staircase leading down.
You hear the faint creaking of a portcullis very nearby.
There is an escape hatch in the floor here.
There is an escape hatch in the floor here.
There is a stone staircase leading up here.
Found a blackened glass wand.
You hear the faint creaking of a very distant portcullis.
i - a wand of paralysis (5)
You hear the creaking of a distant portcullis.
There is a stone staircase leading up here.
The slime creature quivers.
The slime creature quivers.
You hear the creaking of a distant portcullis.
The slime creature quivers.
Two slime creatures merge to form a large slime creature.
The slime creature misses you.
The slime creature attacks as it pursues you!
The slime creature hits you!!
You hit the slime creature. You squeeze the slime creature!
The slime creature is moderately wounded.
The slime creature hits you!
You sock the slime creature! You tentacle-slap the slime creature!
The slime creature is severely wounded.
The slime creature hits you but does no damage.
You hit the slime creature. You drain the slime creature.
The slime creature is almost dead.
Two slime creatures merge to form a large slime creature.
Two slime creatures merge to form a very large slime creature.
Unknown command.
You bludgeon the very large slime creature!!
The very large slime creature is heavily wounded.
You sock the very large slime creature!
You squeeze the very large slime creature.
The very large slime creature is heavily wounded.
You sock the very large slime creature!
The very large slime creature is heavily wounded.
The very large slime creature hits you!!
Ouch! That really hurt!
You die...
Your body crumbles into a pile of gold.

***,***##.############.#
***+***##.############.#
*,,,,,,.#.############.#
*,,,,,,.#!###8########.#
*,,,,,,.#.##....######.#
,,,>,,,.###......#####.#
*,,,,,,.#8.......#####.#
*,,,,,,##.....##J#####.#
###*####.....8##h#####.#
#8###8#.....###........#
...........######..#####
..........⌠#######.####
...........#######..###
#8###8#.....#######..##
########.....8* *#.#
#,...# ##.....#** **.#
#,...# #8.....,* *,.#


You could see a very large slime creature (drained).

Vanquished Creatures
  4 yaks (D:6)
  A water moccasin (D:5)
  A black bear (D:5)
  A crocodile (Sewer)
  2 ogres
  3 centaurs
  A phantom (D:5)
  A bullfrog (D:9)
  A gnoll sergeant (D:6)
  A brain worm (Sewer)
  2 scorpions (D:6)
  6 wights (D:6)
  A howler monkey (D:9)
  2 bombardier beetles
  A jelly (D:6)
  2 hounds
  4 orc priests
  2 iguanas
  Jessica (D:3)
  A sleepcap (D:5)
  An orc wizard (D:4)
  8 gnolls
  8 adders
  A white imp (D:6)
  A dart slug (D:1)
  19 orcs
  6 ball pythons
  7 endoplasms
  7 giant cockroaches
  9 hobgoblins
  9 quokkas
  14 bats
  5 frilled lizards
  8 goblins
  11 kobolds
  4 rats
156 creatures vanquished.

Notes
Turn   | Place    | Note
-------+----------+-------------------------------------------
     0 | D:1      | monsoonserge the Octopode Shapeshifter began the quest for
                  | the Orb.
     0 | D:1      | Reached XP level 1. HP: 13/13 MP: 1/1
   162 | D:1      | Reached skill level 1 in Stealth
   181 | D:1      | Reached XP level 2. HP: 18/18 MP: 2/2
   393 | D:1      | Found a faded altar of an unknown god.
   416 | D:1      | Reached XP level 3. HP: 22/24 MP: 3/3
  1430 | D:3      | Learned a level 2 spell: Blink
  1525 | D:3      | Found a glowing silver altar of Zin.
  1540 | D:3      | Noticed Jessica
  1561 | D:3      | Reached XP level 4. HP: 24/29 MP: 4/4
  1576 | D:3      | Killed Jessica
  1577 | D:3      | Reached skill level 1 in Short Blades
  1707 | D:3      | Found an opulent altar of Gozag.
  1713 | D:3      | Became a worshipper of Gozag Ym Sagoz the Greedy
  1911 | D:3      | Reached XP level 5. HP: 22/34 MP: 5/5
  2304 | D:4      | Identified the +10 flail "Ivacraff" {drain, Str+3 Int+3
                  | Dex+2}
  2406 | D:4      | Reached skill level 1 in Maces & Flails
  2528 | D:4      | Found a sacrificial altar of Ru.
  2625 | D:4      | Identified the +0 robe "Jugrer" {-Tele rC- Int+10 Stlth+}
  2688 | D:4      | Reached XP level 6. HP: 39/39 MP: 6/6
  2796 | D:4      | Found a broken altar of Ashenzari.
  2824 | D:4      | Reached skill level 2 in Maces & Flails
  3331 | D:5      | Entered Level 5 of the Dungeon
  3343 | D:5      | Found a stormy altar of Qazlal.
  3377 | D:5      | Found a bloodstained altar of Trog.
  3584 | D:5      | Reached skill level 5 in Shapeshifting
  3592 | D:5      | Reached skill level 3 in Maces & Flails
  3592 | D:5      | Reached XP level 7. HP: 15/45 MP: 7/7
  3828 | D:5      | Reached skill level 4 in Maces & Flails
  4057 | D:5      | Identified the +2 ring mail of Nabaup {rPois rF+ Int+2
                  | Slay+3}
  4137 | D:5      | Reached XP level 8. HP: 52/52 MP: 8/8
  4622 | D:6      | Reached skill level 5 in Maces & Flails
  4878 | D:6      | Noticed a yak
  4881 | D:6      | Noticed a yak
  5004 | D:6      | Reached skill level 6 in Maces & Flails
  5072 | D:6      | Found a glowing drain.
  5076 | Sewer    | Entered a sewer
  5388 | D:6      | Reached XP level 9. HP: 60/60 MP: 9/9
  5411 | D:6      | Found a runed translucent door.
  5411 | D:6      | Noticed Crazy Yiuf
  5422 | D:6      | Reached skill level 5 in Dodging
  5551 | D:6      | Reached skill level 5 in Fighting
  5551 | D:6      | Reached skill level 7 in Maces & Flails
  5843 | D:6      | Found a white marble altar of Elyvilon.
  5850 | D:6      | Found a hazy altar of Hepliaklqana.
  6234 | D:7      | You fall into a shaft and drop 2 floors!
  6552 | D:9      | Mangled by a very large slime creature

Illustrated notes

Levels and vault maps discovered:
D:1:      zelgadis_glass_arrival_large, layout_loops_ring,
          ebering_ecumenical_altar_mist, kennysheep_minor_cross
D:2:      layout_rooms, kennysheep_cluttered_room
D:3:      layout_loops_ring, pdpol_temple_overflow_zin_treasury_gozag_greed,
          kennysheep_generic_room_6, uniq_jessica
D:4:      layout_loops_corners, nicolae_ashenzari_panopticon,
          mainiacjoe_overflow_concentric_impassable, guppyfry_early_lair_pool
D:5:      kennysheep_spiral_hall, layout_cave_pods, trog_hazing_becter,
          mainiacjoe_overflow_boulevard, minmay_crystal_water
D:6:      layout_loops_corners, amethyst_overflow_temple_binary,
          gup_sewer_entry_bowl, uniq_crazy_yiuf_cottage
D:7:      layout_loops_ring, minmay_temple_entry_large_hall
D:9:      layout_basic, serial_corexii_hall, chequers_hall_statues_corner_a,
          chequers_hall_statues_y, corexii_hall_statues_i,
          corexii_hall_statues_deadend, enter_bailey_8

Skill      XL: |  1  2  3  4  5  6  7  8  9 |
---------------+----------------------------+-----
Stealth        | 1 2 4 |  4.4
Fighting       | 2 3 4 5 |  5.5
Short Blades   | 1 |  1.9
Shapeshifting  | 4 5 |  5.3
Maces & Flails | 1 3 4 6 7 |  7.8
Dodging        | 3 4 5 |  5.6
Unarmed Combat | |  3.4

Action                     |  1- 3 |  4- 6 |  7- 9 || total
---------------------------+-------+-------+-------++-------
  Melee: Unarmed           |    57 |       |       ||    57
         Tentacles         |    12 |    16 |    23 ||    51
         Constrict         |    16 |    18 |    21 ||    55
         Punch             |     2 |     1 |     4 ||     7
         Dagger            |    17 |    33 |       ||    50
         Flail             |       |    44 |   117 ||   161
  Evoke: Wand              |       |     1 |       ||     1
    Use: Scroll            |       |       |     9 ||     9
   Stab: Sleeping          |     8 |     8 |     4 ||    20
         Distracted        |     1 |       |       ||     1
 Armour: Skin              |    22 |    38 |    50 ||   110
  Dodge: Dodged            |    33 |    43 |    81 ||   157
